 Dungeon Crawl Stone Soup version 0.30-a0-583-g19bae12e61 (webtiles) character file.

Game seed: 18233378615143899342

508 Citaku the Shield-Bearer (level 7, -2/81 HPs)
             Began as a Human Fighter on Jan 1, 2023.
             Was a Believer of Dithmenos.
             Slain by a kobold brigand
             ... wielding a +0 dagger
              (3 damage)
             ... in a sewer.
             The game lasted 00:09:40 (2515 turns).

Citaku the Shield-Bearer (Human Fighter)            Turns: 2515, Time: 00:09:41

Health: -2/81      AC:  7    Str: 17    XL:     7   Next: 42%
Magic:  7/7        EV: 10    Int:  8    God:    Dithmenos [**....]
Gold:   153        SH:  5    Dex: 14    Spells: 6/6 levels left

rFire   . . .      SeeInvis .    k - +1 dagger (drain)
rCold   . . .      Faith    .    c - +0 buckler
rNeg    . . .      Spirit   .    b - +0 scale mail
rPois   .          Reflect  .    (no helmet)
rElec   .          Harm     .    (no cloak)
rCorr   .          Rampage  .    (no gloves)
Will    .....                    (no boots) Stlth
                                 (no amulet)
HPRegen 0.33/turn                (no ring)
MPRegen 0.10/turn                (no ring)

@: berserking (expiring), lethally poisoned (-2 -> -3), wreathed by umbra, very
quick
A: no striking features
a: Renounce Religion, Shadow Step


You were in a sewer.
You worshipped Dithmenos.
Dithmenos was pleased with you.
You visited 1 branch of the dungeon, and saw 3 of its levels.
You also visited: Sewer.

You collected 153 gold pieces.

Inventory:

Hand Weapons
 k - a +1 dagger of draining (weapon)
 n - a +0 scythe
Missiles
 p - a throwing net (quivered)
Armour
 b - a +0 scale mail (worn)
 c - a +0 buckler (worn)
Wands
 r - a wand of mindburst (18)
Scrolls
 f - 2 scrolls of identify {unknown}
 g - a scroll of vulnerability {unknown}
 i - a scroll of torment {unknown}
 j - a scroll of immolation {unknown}
 t - a scroll of fear {unknown}
Potions
 e - a potion of resistance {unknown}
 h - a potion of flight {unknown}
 l - a potion of lignification {unknown}
 m - 3 potions of curing {unknown}
 o - 3 potions of brilliance {unknown}
 q - a potion of might
 s - a potion of mutation {unknown}


   Skills:
 + Level 4.0 Fighting
 + Level 4.2 Short Blades
 + Level 4.3 Armour
 + Level 2.5 Dodging
 + Level 0.3 Stealth
 + Level 4.5 Shields


You had 6 spell levels left.
You didn't know any spells.
Your spell library contained the following spells:

 Spells                   Type           Power      Damage    Failure   Level
 Cigotuvi's Dreadful Rot  Necr/Pois/Air  0%         N/A       95%         2
 Poisonous Vapours        Pois/Air       0%         N/A       95%         2
 Mephitic Cloud           Conj/Pois/Air  0%         N/A       99%         3


Dungeon Overview and Level Annotations

Branches:
Dungeon (3/15)              Sewer (1/1)

Altars:
Dithmenos

Shops:
D:3 (


Message History

You are more poisoned.
You feel very sick. The kobold completely misses you.
The kobold brigand closely misses you.
The kobold brigand hits you but does no damage.
There is an open door, spattered with blood here.
The kobold brigand attacks as you move away!
The kobold brigand completely misses you.
The kobold brigand attacks as you move away!
The kobold brigand hits you with a +0 dagger!
* * * LOW HITPOINT WARNING * * *
The kobold attacks as you move away! The kobold closely misses you.
* * * LOW HITPOINT WARNING * * *
You feel very sick.
* * * LOW HITPOINT WARNING * * *
You feel sick.
It was a potion of berserk rage.
A red film seems to cover your vision as you go berserk!
You feel yourself moving faster!
You feel mighty!
* * * LOW HITPOINT WARNING * * *
You feel sick.
You are too berserk!
You feel a strong urge to attack something.
* * * LOW HITPOINT WARNING * * *
You feel sick.
* * * LOW HITPOINT WARNING * * *
You feel sick.
You feel your anger nearly subside. You block the kobold brigand's attack.
You barely miss the kobold brigand.
* * * LOW HITPOINT WARNING * * *
You feel sick.
The kobold brigand hits you but does no damage.
The kobold brigand hits you with a +0 dagger.
* * * LOW HITPOINT WARNING * * *
You closely miss the kobold brigand.
* * * LOW HITPOINT WARNING * * *
You feel sick.
You closely miss the kobold brigand.
The kobold brigand hits you with a +0 dagger.
You die...

≈ #### ##≈≈ ####
######..#.!#≈≈ .....
###..@K#.....#≈≈
......####.....K')...#
#.........†.K#.....#≈≈
#...........~~#..#!.#≈≈
#.....##....~~#### ##≈≈
.........####~.≈~≈≈≈≈ ≈
....~...##~~~≈≈~≈≈≈≈≈≈
..~≈≈~~~~≈≈≈≈≈≈≈≈≈≈≈≈≈≈
#
~≈~~≈≈≈≈≈≈≈≈≈≈≈≈≈≈≈≈≈≈≈
≈#


You could see 2 kobold brigands and a kobold.

Vanquished Creatures
  Sigmund (D:2)
  3 kobold brigands (Sewer)
  4 adders
  4 river rats (Sewer)
  4 dart slugs
  5 bats
  2 endoplasms
  7 giant cockroaches
  3 goblins
  6 hobgoblins
  3 jackals (D:3)
  5 kobolds
  7 quokkas
  2 ball pythons
  A frilled lizard (D:2)
  18 rats
75 creatures vanquished.

Vanquished Creatures (others)
  7 plants (D:1)
7 creatures vanquished.

Grand Total: 82 creatures vanquished

Notes
Turn   | Place    | Note
-------+----------+-------------------------------------------
     0 | D:1      | Citaku the Human Fighter began the quest for the Orb.
     0 | D:1      | Reached XP level 1. HP: 18/18 MP: 1/1
    83 | D:1      | Reached XP level 2. HP: 22/24 MP: 2/2
   485 | D:1      | Reached XP level 3. HP: 29/29 MP: 3/3
   818 | D:2      | Reached skill level 1 in Dodging
   818 | D:2      | Reached XP level 4. HP: 24/35 MP: 4/4
   989 | D:2      | Noticed Sigmund
  1003 | D:2      | Killed Sigmund
  1004 | D:2      | Reached XP level 5. HP: 29/41 MP: 5/5
  1004 | D:2      | Reached XP level 6. HP: 34/47 MP: 6/6
  1690 | D:3      | Found a faded altar of an unknown god.
  1723 | D:3      | Prayed at the altar of an unknown god.
  1723 | D:3      | Became a worshipper of Dithmenos the Shadowed
  1723 | D:3      | Reached * piety under Dithmenos
  1737 | D:3      | Found Capeogh's Weapon Emporium.
  1818 | D:3      | Found a glowing drain.
  1861 | Sewer    | Entered a sewer
  2235 | Sewer    | Reached XP level 7. HP: 37/53 MP: 7/7
  2392 | Sewer    | Reached ** piety under Dithmenos
  2510 | Sewer    | HP: 4/81 [poisoned by a kobold brigand]
  2514 | Sewer    | HP: 1/81 [poisoned by a kobold brigand]
  2515 | Sewer    | Slain by a kobold brigand

Illustrated notes

Levels and vault maps discovered:
D:1:      spicycebolla_arrival_clurvy, layout_basic
D:2:      layout_basic, uniq_sigmund
D:3:      layout_rooms, ebering_ecumenical_altar_abandoned,
          gup_sewer_entry_pipe, serial_shops, shop, dreamdust_princess_corridor,
          uniq_jessica
Sewer:    sewer_minmay_treatment

Skill      XL: |  1  2  3  4  5  6  7 |
---------------+----------------------+-----
Dodging        | 1 2 |  2.5
Short Blades   | 3 4 |  4.2
Shields        | 4 |  4.5
Armour         | 4 |  4.3
Fighting       | 4 |  4.0
Stealth        | |  0.3

Action                   |  1- 3 |  4- 6 |  7- 9 || total
-------------------------+-------+-------+-------++-------
Melee: Rapier            |    78 |       |       ||    78
       Dagger            |    28 |   162 |    56 ||   246
  Use: Potion            |       |     2 |     1 ||     3
       Scroll            |       |       |     1 ||     1
Armor: Scale mail        |   112 |    80 |    34 ||   226
Dodge: Dodged            |    90 |   105 |    67 ||   262
Block: Buckler           |    39 |    44 |    25 ||   108

Table legend: (Time is in decaauts)
 A = Elapsed time spent in this place.
 B = Non-inter-level travel time spent in this place.
 C = Inter-level travel time spent in this place.
 D = Time resting spent in this place.
 E = Time spent auto-exploring this place.
 F = Levels seen in this place.
 G = Mean time per level.
                   A        B        C        D        E       F      G
               +--------+--------+--------+--------+--------+-----+--------+
         Total |   2498 |   2498 |      0 |    374 |    400 |   4 |  624.5 |
       Dungeon |   1862 |   1862 |      0 |    100 |    400 |   3 |  620.7 |
         Sewer |    636 |    636 |      0 |    274 |      0 |   1 |  636.0 |
               +--------+--------+--------+--------+--------+-----+--------+

Top non-repeatable levels by time:
     D:2: 937 daAuts
     D:1: 706 daAuts
   Sewer: 636 daAuts
     D:3: 218 daAuts
